 Dungeon Crawl Stone Soup version 0.30-a0-908-g5a111fc481 (webtiles) character file.

Game seed: 10324618105099828680

29 theswoord the Slasher (level 3, -1/34 HPs)
             Began as a Gargoyle Berserker on Mar 19, 2023.
             Was a Follower of Trog.
             Slain by Terence
             ... wielding a +2 mace of draining
              (3 damage)
             ... on level 2 of the Dungeon.
             The game lasted 00:01:15 (958 turns).

theswoord the Slasher (Gargoyle Berserker)           Turns: 958, Time: 00:01:15

Health: -1/34      AC:  5    Str: 22    XL:     3   Next: 16%
Magic:  3/3        EV: 11    Int:  7    God:    Trog [*.....]
Gold:   38         SH:  0    Dex:  9    Spells: 2/2 levels left

rFire   . . .      SeeInvis .    a - +0 falchion
rCold   . . .      Faith    .    (no shield)
rNeg    + . .      Spirit   .    b - +0 animal skin
rPois   ∞          Reflect  .    (no helmet)
rElec   +          Rampage  .    (no cloak)
rCorr   .                        (no gloves)
Will    .....                    (no boots) Stlth
                                 (no amulet)
HPRegen 0.25/turn                (no ring)
MPRegen 0.08/turn                (no ring)

@: berserking, very quick
A: sickness immunity, AC +3, negative energy resistance 1, electricity
resistance, torment resistance 1, petrification resistance
a: Renounce Religion, Berserk


You were on level 2 of the Dungeon.
You worshipped Trog.
Trog was aware of your devotion.
You visited 1 branch of the dungeon, and saw 2 of its levels.

You collected 38 gold pieces.

Inventory:

Hand Weapons
 a - a +0 falchion (weapon)
Armour
 b - a +0 animal skin (worn)
Scrolls
 c - 3 scrolls of identify
Potions
 d - a potion of brilliance


   Skills:
 - Level 3.2 Fighting
 + Level 3.8 Long Blades
 - Level 2.1 Armour
 - Level 1.5 Dodging


You had 2 spell levels left.
You didn't know any spells.
Your spell library was empty.

Dungeon Overview and Level Annotations

Branches:
Dungeon (2/15)

Altars:

Annotations:
D:2 Terence


Innate Abilities, Weirdness & Mutations

You are immune to sickness and miasma.
Your stone body is resilient. (AC +3)
You are immune to poison.
You resist negative energy. (rN+)
You are resistant to electric shocks. (rElec)
You are resistant to unholy torment.
You are immune to petrification.


Message History

You miss the adder. The adder misses you. The hobgoblin misses you.
You closely miss the adder. The adder bites you but does no damage.
A hobgoblin comes into view.
The hobgoblin closely misses you. x2; The adder bites you but does no damage.
You closely miss the adder.
The hobgoblin shouts!
The hobgoblin closely misses you.
The hobgoblin hits you but does no damage.
The adder bites you.
You hit the adder. The adder barely misses you. The hobgoblin misses you.
The hobgoblin hits you. The adder bites you but does no damage.
You fail to use your ability.
Terence hits you with a +2 mace of draining.
The hobgoblin closely misses you. The hobgoblin hits you.
* * * LOW HITPOINT WARNING * * *
The adder misses you.
You hit the adder. Terence completely misses you.
The hobgoblin hits you but does no damage.
The hobgoblin hits you.
* * * LOW HITPOINT WARNING * * *
The adder completely misses you. The hobgoblin hits you.
* * * LOW HITPOINT WARNING * * *
The hobgoblin hits you.
* * * LOW HITPOINT WARNING * * *
Terence hits you with a +2 mace of draining.
* * * LOW HITPOINT WARNING * * *
A red film seems to cover your vision as you go berserk!
You feel yourself moving faster!
You feel mighty! The adder bites you.
* * * LOW HITPOINT WARNING * * *
The adder completely misses you.
The hobgoblin hits you but does no damage.
Terence completely misses you.
The hobgoblin hits you but does no damage.
You closely miss the adder. The adder bites you but does no damage.
You hit the adder.
You kill the adder!
Trog accepts your kill.
Terence shouts, "DIE!!!"
Terence hits you with a +2 mace of draining.
You die...

###########
..####<.........
........g@.......
.#.######@....##
+.g...+ #rg...#
#.....# #.....#
####.... .....
.....


You could see Terence, 3 hobgoblins and a rat.

Vanquished Creatures
  An adder (D:2)
  A dart slug (D:1)
  3 ball pythons (D:1)
  2 endoplasms (D:1)
  3 goblins (D:1)
  3 hobgoblins (D:1)
  2 jackals (D:1)
  A quokka (D:1)
  3 bats (D:1)
  A frilled lizard (D:1)
  2 kobolds (D:1)
  4 rats (D:1)
26 creatures vanquished.

Notes
Turn   | Place    | Note
-------+----------+-------------------------------------------
     0 | D:1      | theswoord the Gargoyle Berserker began the quest for the
                  | Orb.
     0 | D:1      | Reached XP level 1. HP: 14/14 MP: 1/1
   110 | D:1      | Reached XP level 2. HP: 18/19 MP: 2/2
   252 | D:1      | Found a faded altar of an unknown god.
   494 | D:1      | Reached XP level 3. HP: 23/23 MP: 3/3
   543 | D:1      | Reached ** piety under Trog
   947 | D:2      | Noticed Terence
   955 | D:2      | HP: 1/23 [Terence/+2 mace of draining (4)]
   958 | D:2      | Slain by Terence

Skill      XL: |  1 |
---------------+----+-----
Long Blades    | 3 |  3.8
Fighting       | |  3.2
Armour         | |  2.1
Dodging        | |  1.5

Action                     || total
---------------------------++-------
  Melee: Falchion          ||    78
 Invoke: Berserk           ||     1
    Use: Scroll            ||     3
   Stab: Sleeping          ||     1
 Armour: Animal skin       ||    42
  Dodge: Dodged            ||    84

Levels and vault maps discovered:
D:1:      matt_arrival_spirals, layout_basic,
          hellmonk_ecumenical_altar_slurped_away
D:2:      layout_basic, uniq_terence
